 Dungeon Crawl Stone Soup version 0.23-a0-8-gb809bb7 (webtiles) character file.

7789 Kuinu the Arsonist (level 11, 0/74 HPs)
             Began as a Purple Draconian Fire Elementalist on Aug 1, 2018.
             Was a Believer of Vehumet.
             Slain by Snorg (3 damage)
             ... on level 10 of the Dungeon.
             The game lasted 00:46:53 (15738 turns).

Kuinu the Arsonist (DrFE)                          Turns: 15738, Time: 00:46:55

Health: 0/74       AC:  8    Str: 10    XL:     11   Next: 1%
Magic:  16/23      EV: 12    Int: 20    God:    Vehumet [**....]
Gold:   526        SH:  0    Dex: 11    Spells: 9/27 levels left

rFire    . . .     SeeInvis .   A - staff of energy
rCold    . . .     Gourm    .   (no shield)
rNeg     . . .     Faith    .   (armour unavailable)
rPois    .         Spirit   .   (helmet restricted)
rElec    .         Reflect  .   (no cloak)
rCorr    .         Harm     .   (no gloves)
MR       +....                  y - +0 pair of boots
Stlth    ++........             (no amulet)
HPRegen  0.22/turn              n - ring of wizardry
MPRegen  0.18/turn              (no ring)

@: drained
A: breathe power, unfitting armour, cold-blooded, AC +7
a: Breathe Dispelling Energy, Renounce Religion


You were on level 10 of the Dungeon.
You worshipped Vehumet.
Vehumet was pleased with you.
You were very hungry.

You visited 2 branches of the dungeon, and saw 11 of its levels.

You collected 526 gold pieces.

Inventory:

Hand Weapons
 c - a +0 vampiric short sword
 e - a +0 short sword
 h - a +0 dagger
 j - a +2 mace
 l - a +3 rapier of electrocution
 r - a +2 war axe
 t - a +2 hand axe of flaming
 u - a +0 glaive
 B - the +3 hunting sling of Courage {flame, +Inv rC- Str-2 Int+7}
   (You found it on level 7 of the Dungeon)

   It causes projectiles fired from it to burn those they strike, causing extra
   injury to most foes and up to half again as much damage against particularly
   susceptible opponents.
   It affects your strength (-2).
   It affects your intelligence (+7).
   It makes you vulnerable to cold.
   It lets you turn invisible.
 C - a +2 whip of electrocution
Missiles
 E - 15 bolts
 G - 35 arrows
Armour
 y - a +0 pair of boots (worn)
Magical Staves
 A - an uncursed staff of energy (weapon)
Jewellery
 n - a ring of wizardry (left hand)
Wands
 v - a wand of random effects (29)
 w - a wand of polymorph (41)
 H - a wand of disintegration (21)
Scrolls
 f - a scroll of enchant weapon {unknown}
 g - 5 scrolls of remove curse
 i - a scroll of noise {unknown}
 k - 3 scrolls of magic mapping {unknown}
 o - 3 scrolls of amnesia
 p - a scroll of enchant armour {unknown}
 q - 2 scrolls of teleportation
 s - 3 scrolls of random uselessness
 D - a scroll of blinking {unknown}
 F - a scroll of silence {unknown}
 I - a scroll of holy word {unknown}
 J - 2 scrolls of identify
Potions
 a - 4 potions of flight
 d - a potion of curing
 m - 3 potions of mutation
 x - 3 potions of brilliance
 z - a potion of cancellation {unknown}
 K - a potion of haste
 L - a potion of resistance
 N - a potion of berserk rage
Comestibles
 b - 6 rations


   Skills:
 - Level 1.7(1.6) Dodging
 - Level 1.7(1.6) Stealth
 + Level 8.5(8.3) Spellcasting
 * Level 10.5(10.4) Conjurations
 * Level 10.9(10.8) Fire Magic
 + Level 3.8 Evocations


You had 9 spell levels left.
You knew the following spells:

 Your Spells              Type           Power        Failure   Level  Hunger
a - Flame Tongue          Conj/Fire      #####        1%          1    None
b - Conjure Flame         Conj/Fire      ######..     1%          3    None
c - Sticky Flame          Conj/Fire      ######..     1%          4    None
d - Fireball              Conj/Fire      ######....   1%          5    None
e - Sticks to Snakes      Tmut           #.......     4%          2    None
f - Mephitic Cloud        Conj/Pois/Air  ###.....     2%          3    None

Your spell library contained the following spells:

 Spells                   Type           Power        Failure   Level  Hunger
 Confuse                  Hex            #.......     10%         3    None
 Throw Flame              Conj/Fire      ######       1%          2    None
 Tukima's Dance           Hex            #.......     10%         3    None
 Spider Form              Tmut/Pois      #.........   10%         3    None
 Blade Hands              Tmut           #.........   63%         5    None
 Ice Form                 Ice/Tmut       #.......     32%         4    None
 Ensorcelled Hibernation  Hex/Ice        #.....       4%          2    None
 Corona                   Hex            #......      3%          1    None
 Inner Flame              Hex/Fire       ####....     1%          3    None
 Beastly Appendage        Tmut           #.....       3%          1    None
 Dazzling Spray           Conj/Hex       ####..       1%          3    None


Dungeon Overview and Level Annotations

Branches:
Dungeon (10/15)            Temple (1/1) D:5            Lair (0/6) D:9
    Orc (0/2) D:9

Altars:
Ashenzari
Cheibriados
Dithmenos
Elyvilon
Fedhas
Gozag
Hepliaklqana
Kikubaaqudgha
Makhleb
Nemelex Xobeh
Okawaru
Qazlal
Ru
Sif Muna
Trog
Uskayaw
Vehumet
Wu Jian
Xom
Yredelemnul
Zin
The Shining One
Lugonu

Shops:
D:6 }

Annotations:
D:10 Snorg


Innate Abilities, Weirdness & Mutations

You can breathe bolts of dispelling energy.
Your rich purple scales are hard. (AC +7)
You cannot fit into any form of body armour.
You are cold-blooded and may be slowed by cold attacks.


Message History

Press: ? - help, Shift-Dir - straight line, f/p - Snorg
Aim: Snorg (flame, lightly wounded, berserk, fast, unusually strong)
The sticky flame hits Snorg.
Snorg is lightly wounded.
Snorg is covered in liquid flames!
Snorg burns!
Snorg is engulfed in blazing flames.
Snorg bites you! Snorg closely misses you. Snorg claws you.
Snorg is engulfed in blazing flames.
Snorg bites you! Snorg claws you! Snorg claws you!!
* * * LOW HITPOINT WARNING * * *
You feel much better.
Snorg burns!
Snorg is engulfed in blazing flames.
Snorg closely misses you. Snorg claws you!
* * * LOW HITPOINT WARNING * * *
Snorg closely misses you.
You feel better.
Snorg burns!
Snorg is engulfed in blazing flames.
Snorg barely misses you. Snorg claws you.
* * * LOW HITPOINT WARNING * * *
Snorg claws you!
* * * LOW HITPOINT WARNING * * *
Snorg is engulfed in blazing flames.
Snorg bites you.
You die...

######### #####
#.......# ....#
#.......# >...#
#.......#
....######.......###
....'...##......@T.#
....###.##..<....#..>...
....# #..'.......# ####.
....# ####.......# ....#
#.......# #####
######'## # #..# #
###### ######.#### .#
.....# #.........#
#######.##


You could see Snorg (berserk).

Vanquished Creatures
  A two-headed ogre (D:9)
  Pikel (D:7)
  Psyche (D:9)
  Joseph (D:7)
  Prince Ribbit (D:6)
  2 hippogriffs (D:7)
  Duvessa (D:4)
  3 orc warriors
  A black bear (D:9)
  2 ice beasts
  3 sky beasts
  4 phantoms
  4 necrophages (D:6)
  4 slaves (D:7)
  7 ogres
  4 centaurs
  A big kobold (D:9)
  6 bullfrogs
  Dowan (D:3)
  3 scorpions
  12 killer bees
  5 wights (D:4)
  2 howler monkeys
  2 jellies
  2 crimson imps
  A centaur zombie (D:6)
  4 hounds
  10 orc priests
  2 bullfrog zombies
  2 centaur skeletons
  3 iguanas
  2 bullfrog skeletons
  6 worker ants
  5 orc wizards
  3 hound zombies
  A hound skeleton (D:8)
  A worker ant zombie (D:6)
  A howler monkey skeleton (D:4)
  3 gnolls (D:8)
  8 adders
  2 shadow imps
  An ooze (D:3)
  An adder skeleton (D:8)
  2 adder zombies
  4 worms
  A dart slug (D:1)
  7 leopard geckos
  54 orcs
  10 giant cockroaches
  4 goblins
  6 hobgoblins
  3 jackals (D:4)
  2 quokkas
  2 ball pythons
  8 bats
  5 frilled lizards
  10 kobolds
  A leopard gecko skeleton (D:5)
  5 rats
254 creatures vanquished.

Vanquished Creatures (collateral kills)
  3 crimson imps
3 creatures vanquished.

Vanquished Creatures (others)
  2 bushes (D:6)
  6 plants (D:6)
8 creatures vanquished.

Grand Total: 265 creatures vanquished

Notes
Turn   | Place    | Note
-------+----------+-------------------------------------------
     0 | D:1      | Kuinu the Draconian Fire Elementalist began the quest for the Orb.
     0 | D:1      | Reached XP level 1. HP: 14/14 MP: 3/3
   413 | D:1      | Reached XP level 2. HP: 20/20 MP: 0/5
  1413 | D:1      | Reached XP level 3. HP: 26/26 MP: 3/6
  1522 | D:2      | Learned a level 3 spell: Conjure Flame
  1581 | D:2      | Found a shadowy altar of Dithmenos.
  2111 | D:2      | Found a stormy altar of Qazlal.
  3074 | D:3      | Reached XP level 4. HP: 33/33 MP: 5/7
  3507 | D:3      | Found a sparkling altar of Nemelex Xobeh.
  3988 | D:4      | Noticed an ogre
  4009 | D:4      | Killed an ogre
  4009 | D:4      | Reached XP level 5. HP: 38/38 MP: 0/9
  4246 | D:3      | Learned a level 4 spell: Sticky Flame
  4827 | D:4      | Reached XP level 6. HP: 12/45 MP: 2/10
  5115 | D:4      | Reached skill level 5 in Fire Magic
  5322 | D:4      | Noticed Dowan
  5328 | D:4      | Noticed Duvessa
  5736 | D:4      | Killed Duvessa
  5736 | D:4      | Your scales start taking on a rich purple colour.
  5736 | D:4      | Reached XP level 7. HP: 25/50 MP: 1/13
  6200 | D:3      | Killed Dowan
  6473 | D:4      | Reached skill level 5 in Conjurations
  7188 | D:4      | Reached skill level 5 in Spellcasting
  7191 | D:4      | Reached XP level 8. HP: 53/57 MP: 3/15
  7477 | D:5      | Entered Level 5 of the Dungeon
  7647 | D:5      | Found an iron altar of Okawaru.
  7690 | D:5      | Found a basalt altar of Yredelemnul.
  7970 | D:5      | Found a staircase to the Ecumenical Temple.
  7976 | Temple   | Entered the Ecumenical Temple
  8048 | D:5      | Found a shimmering altar of Xom.
  8588 | D:6      | Found an ornate altar of the Wu Jian Council.
  8602 | D:6      | Learned a level 5 spell: Fireball
  8815 | D:6      | Found Robufadgh's Gadget Boutique.
  8960 | D:6      | Found a blossoming altar of Fedhas.
  8992 | D:6      | Noticed Prince Ribbit
  9004 | D:6      | Killed Prince Ribbit
  9241 | D:5      | Learned a level 2 spell: Sticks to Snakes
  9301 | D:6      | Found a hide-covered altar of Uskayaw.
  9402 | D:6      | Found a radiant altar of Vehumet.
  9413 | D:6      | Became a worshipper of Vehumet
  9431 | D:6      | Reached XP level 9. HP: 62/62 MP: 11/18
 10055 | D:6      | Found a faded altar of an unknown god.
 10055 | D:6      | Found a sacrificial altar of Ru.
 10060 | D:6      | Found a white marble altar of Elyvilon.
 10069 | D:6      | Found a hide-covered altar of Uskayaw.
 10070 | D:6      | Found a glowing golden altar of the Shining One.
 10583 | D:7      | Reached * piety under Vehumet
 10583 | D:7      | Offered knowledge of Magic Dart by Vehumet.
 10650 | D:7      | Got a dazzling hunting sling
 10788 | D:7      | Noticed Pikel
 10829 | D:7      | Killed Pikel
 10979 | D:7      | Identified the +3 hunting sling of Courage {flame, +Inv rC- Str-2 Int+7} (You found it on level 7 of the Dungeon)
 11166 | D:7      | Noticed Joseph
 11180 | D:7      | Reached skill level 1 in Evocations
 11180 | D:7      | Reached XP level 10. HP: 36/69 MP: 12/21
 11666 | D:7      | Killed Joseph
 12714 | D:8      | Reached skill level 10 in Fire Magic
 12772 | D:8      | Found a bloodstained altar of Trog.
 13821 | D:9      | Found a staircase to the Lair.
 13843 | D:9      | Offered knowledge of Searing Ray by Vehumet.
 13852 | D:9      | Reached ** piety under Vehumet
 14150 | D:9      | Reached skill level 10 in Conjurations
 14579 | D:9      | Noticed Psyche
 14586 | D:9      | Killed Psyche
 15128 | D:9      | Found a staircase to the Orcish Mines.
 15194 | D:9      | Noticed a two-headed ogre
 15206 | D:9      | Killed a two-headed ogre
 15206 | D:9      | Offered knowledge of Mephitic Cloud by Vehumet.
 15244 | D:9      | Learned a level 3 spell: Mephitic Cloud
 15292 | D:9      | Reached XP level 11. HP: 67/74 MP: 11/23
 15375 | D:10     | Entered Level 10 of the Dungeon
 15733 | D:10     | Noticed Snorg
 15736 | D:10     | HP: 3/74 [Snorg (21)]
 15738 | D:10     | Slain by Snorg

Vault maps used:
D:1:      onia_arrival_pentagram, serial_bayou_lagoon_a
D:2:      grunt_qazlal_sundering, first_ration, nicolae_dithmenos_shadow_blocks
D:3:      nemelex_xobeh_ov_fountains_minmay
D:4:      uniq_duvessa
D:5:      nicolae_overflow_crystal_walls, kennysheep_mini, kennysheep_mini_moat,
          minmay_temple_entry_crystal_x, minmay_misc_feat_hallway
D:6:      overflow_temple_1_default, lemuel_round_altar,
          chequers_temple_overflow_minitemple, fedhas_altar_decomposition,
          serial_shops, nicolae_shop_crystal, basic_altar, uniq_prince_ribbit1
D:7:      uniq_joseph, uniq_pikel
D:8:      overflow_temple_1_default
D:9:      lair_entry_dummy, orc_0_dummy, uniq_psyche
D:10:     uniq_snorg
Temple:   corrupted_temple

Skill      XL: |  1  2  3  4  5  6  7  8  9 10 |
---------------+-------------------------------+-----
Conjurations   | 2 3 4 5 7 9 10 | 10.5
Fire Magic     | 4 5 6 8 9 10 | 10.9
Spellcasting   | 3 4 5 6 7 8 |  8.5
Evocations     | 1 3 |  3.8
Dodging        | |  1.7
Stealth        | |  1.7

Action                   |  1- 3 |  4- 6 |  7- 9 | 10-12 || total
-------------------------+-------+-------+-------+-------++-------
Melee: Short sword       |     2 |       |   280 |       ||   282
       Dagger            |    16 |    58 |    11 |       ||    85
       Tailslap          |     2 |     6 |    29 |     6 ||    43
       Staff             |       |       |     2 |    32 ||    34
       Rapier            |       |       |       |    15 ||    15
       Whip              |       |       |       |    11 ||    11
 Cast: Flame Tongue      |    74 |    63 |   189 |   142 ||   468
       Conjure Flame     |       |     2 |     3 |     7 ||    12
       Sticky Flame      |       |    12 |    34 |    36 ||    82
       Sticks to Snakes  |       |       |     4 |     6 ||    10
       Fireball          |       |       |     1 |    10 ||    11
       Mephitic Cloud    |       |       |       |     1 ||     1
 Abil: Breathe Dispellin |       |       |     1 |       ||     1
Evoke: Staff of energy   |       |       |     6 |     7 ||    13
  Use: Scroll            |     4 |     5 |     5 |     2 ||    16
       Potion            |       |     6 |     2 |     6 ||    14
  Eat: Chunk             |     8 |     7 |    17 |     6 ||    38
       Ration            |       |     1 |     3 |     2 ||     6
Armor: Skin              |     8 |    23 |    89 |    37 ||   157
Dodge: Dodged            |    26 |    71 |   162 |    83 ||   342

Table legend:
 A = Spawn XP
 B = Non-spawn XP
 C = Spawn XP percentage of total XP
 D = Spawn monster count
 E = Non-spawn monster count
 F = Spawn count percentage of total count
 G = Total turns spent on level
                    A         B        C        D         E        F      G
               +---------+---------+-------+---------+---------+-------+---------
         Total |       0 |   11128 |   0.0 |       0 |     253 |   0.0 | 15738
               +---------+---------+-------+---------+---------+-------+---------
           D:1 |       0 |      42 |   0.0 |       0 |      26 |   0.0 |  1517
           D:2 |       0 |      37 |   0.0 |       0 |      11 |   0.0 |  1362
           D:3 |       0 |     179 |   0.0 |       0 |      25 |   0.0 |  2509
           D:4 |       0 |    1367 |   0.0 |       0 |      28 |   0.0 |  2089
           D:5 |       0 |     608 |   0.0 |       0 |      19 |   0.0 |  1194
           D:6 |       0 |    1832 |   0.0 |       0 |      38 |   0.0 |  1804
           D:7 |       0 |    2180 |   0.0 |       0 |      14 |   0.0 |  1365
           D:8 |       0 |    1278 |   0.0 |       0 |      29 |   0.0 |  2000
           D:9 |       0 |    3546 |   0.0 |       0 |      60 |   0.0 |  1493
          D:10 |       0 |      59 |   0.0 |       0 |       3 |   0.0 |   363
               +---------+---------+-------+---------+---------+-------+---------
